AoeStats
← ✪Dynamic

QS Arena

503150137Analyzed
2v2 RM · 1mo ago on Aug 30, 2026· 33m 4s· 4 players
Game mode
Random Map
Map size
Medium (4 player)
Population
200
Speed
Normal
Resources
Standard
Victory
Conquest
Starting age
Dark Age
Ending age
Imperial Age
RankedLock teamsTeams togetherTeam positionsShared explorationLock speedFull tech treeHidden civsTurbo modeCheats
Victory
Defeat
🇹🇷 Turks · Türkiye
1447
+13
🇩🇪 Italians · Germany
1373
+16
🇮🇳 Bengalis · India
1389
-15
🇮🇳 Goths · India
1357
-14
nizam.lko
7:38 Feudal Age
11:13 Castle Age
10:05 Double-Bit Axe
10:16 Horse Collar
18:28 Loom
18:29 Town Watch
28:45 Imperial Age
27:11 Scale Mail Armor
27:59 Squires
28:15 Chain Mail Armor
29:09 Wheelbarrow
29:29 Forging
31:00 Iron Casting
30:17 Capped Ram
31:26 Hand Cart
31:36 Fletching
✪Dynamic
0:42 Loom
7:04 Feudal Age
7:47 Double-Bit Axe
13:16 Castle Age
12:55 Gold Mining
12:51 Double-Bit Axe
12:46 Horse Collar
14:17 Bow Saw
15:28 Fervor
17:40 Sanctity
18:08 Gold Shaft Mining
22:59 Wheelbarrow
27:48 Imperial Age
25:43 Redemption
28:27 Imperial Age
Anatoly
9:20 Feudal Age
13:37 Castle Age
17:58 Imperial Age
15:43 Double-Bit Axe
17:10 Gold Mining
18:44 Padded Archer Armor
25:06 Ballistics
28:55 Wheelbarrow
28:03 Horse Collar
29:31 Loom
30:57 Leather Archer Armor
32:00 Husbandry
32:10 Bloodlines
33:02 Bloodlines
N
7:12 Feudal Age
11:06 Castle Age
9:00 Double-Bit Axe
10:02 Horse Collar
14:40 Loom
20:10 Bow Saw
20:24 Heavy Plow
21:08 Wheelbarrow
24:37 Imperial Age
22:25 Gold Mining
24:05 Padded Archer Armor
24:25 Hand Cart
25:14 Leather Archer Armor
26:19 Two-Man Saw
26:21 Chemistry
26:07 Crop Rotation
26:48 Ring Archer Armor
26:58 Conscription
26:52 Pirotechnia
32:52 Masonry
32:23 Treadmill Crane
33:03 Ballistics
32:39 Murder Holes
32:55 Fortified Wall
32:39 Fletching
Connection lost

Rejoining the realm…

Still unreachable

The connection could not be restored.

Session expired

The server has moved on; the page needs a fresh start.